 Dungeon Crawl Stone Soup version 0.24.1-4-ge52af88ad5 (webtiles) character file.

Game seed: 16683420464789378097, levelgen mode: deterministic

10214 nightchill the Cleaver (level 11, -12/91 HPs)
             Began as a Demonspawn Gladiator on Apr 14, 2020.
             Was a Priest of Wu Jian.
             Mangled by a seven-headed hydra (13 damage)
             ... on level 8 of the Dungeon on Apr 15, 2020.
             The game lasted 00:38:06 (10488 turns).

nightchill the Cleaver (Demonspawn Gladiator)      Turns: 10488, Time: 00:38:08

Health: -12/91     AC: 10    Str: 18    XL:     11   Next: 33%
Magic:  11/11      EV: 12    Int:  9    God:    Wu Jian [***...]
Gold:   472        SH:  0    Dex: 15    Spells: 5/10 levels left

rFire    . . .     SeeInvis .   a - +0 war axe
rCold    . . .     Gourm    .   (no shield)
rNeg     . . .     Faith    .   k - +0 ring mail (curse)
rPois    .         Spirit   .   c - +0 helmet
rElec    .         Reflect  .   v - +0 cloak
rCorr    .         Harm     .   (no gloves)
MR       .....                  D - +2 pair of boots
Stlth    +.........             m - amulet of the acrobat
HPRegen  0.25/turn              (no ring)
MPRegen  0.12/turn              (no ring)

@: starving
A: powered by pain 2, spiny 3
a: Wall Jump, Serpent's Lash, Renounce Religion


You were on level 8 of the Dungeon.
You worshipped Wu Jian.
Wu Jian was most pleased with you.
You were starving.

You visited 2 branches of the dungeon, and saw 10 of its levels.
You also visited: Sewer.

You collected 472 gold pieces.

Inventory:

Hand Weapons
 a - a +0 war axe (weapon)
 F - a +0 war axe
Missiles
 d - 3 throwing nets (quivered)
 l - 129 stones
Armour
 c - a +0 helmet (worn)
 k - a cursed +0 ring mail (worn)
 v - a +0 cloak (worn)
 y - a cursed +0 scale mail
 D - a +2 pair of boots (worn)
Jewellery
 m - an amulet of the acrobat (around neck)
 E - an uncursed amulet of regeneration
 G - an uncursed ring of see invisible
Wands
 o - a wand of random effects (20)
 p - a wand of polymorph (8)
 r - a wand of acid (4)
 H - a wand of flame (8)
 I - a wand of iceblast (9)
Scrolls
 h - 2 scrolls of fear {unknown}
 i - 2 scrolls of enchant armour {unknown}
 s - 3 scrolls of enchant weapon {unknown}
 t - a scroll of immolation {unknown}
 u - 2 scrolls of magic mapping {unknown}
 z - 3 scrolls of teleportation {unknown}
 A - 4 scrolls of identify
Potions
 b - 4 potions of curing
 e - a potion of resistance {unknown}
 g - 2 potions of haste
 j - 2 potions of mutation
 n - 3 potions of heal wounds
 q - 2 potions of agility
 w - a potion of brilliance {unknown}
 x - a potion of degeneration {unknown}
 B - 2 potions of flight
 C - 3 potions of lignification
 J - a potion of berserk rage {unknown}
Comestibles
 f - 27 rations


   Skills:
 + Level 10.2 Fighting
 * Level 12.8 Axes
 - Level 1.7 Throwing
 - Level 2.6 Dodging
 - Level 6.0 Conjurations
 + Level 6.4 Hexes


You had 5 spell levels left.
You knew the following spells:

 Your Spells              Type           Power        Failure   Level  Hunger
a - Dazzling Spray        Conj/Hex       ##....       17%         3    ####...
b - Slow                  Hex            ##......     8%          2    ###....

Your spell library contained the following spells:

 Spells                   Type           Power        Failure   Level  Hunger
 Corona                   Hex            ##.....      5%          1    ##.....
 Magic Dart               Conj           ##..         6%          1    ##.....
 Searing Ray              Conj           ##....       10%         2    ###....
 Flame Tongue             Conj/Fire      #....        22%         1    ##.....
 Throw Flame              Conj/Fire      #.....       32%         2    ###....
 Cause Fear               Hex            ##........   45%         4    #####..
 Fulminant Prism          Conj/Hex       ##........   50%         4    #####..
 Inner Flame              Hex/Fire       #.......     52%         3    ####...
 Portal Projectile        Hex/Tloc       #.....       52%         3    ####...
 Iskenderun's Mystic Bla  Conj           ##......     52%         4    #####..
 Conjure Flame            Conj/Fire      #.......     54%         3    ####...
 Leda's Liquefaction      Hex/Erth       #.........   89%         4    #####..
 Force Lance              Conj/Tloc      #.......     91%         4    #####..
 Sticky Flame             Conj/Fire      #.......     91%         4    #####..
 Fireball                 Conj/Fire      #.........   99%         5    ######.


Dungeon Overview and Level Annotations

Branches:
Dungeon (9/15)             Temple (0/1) D:7            Lair (1/6) D:8
  Sewer (visited)
    Orc: D:9-12

Altars:
Elyvilon
Hepliaklqana
Kikubaaqudgha
Qazlal
Sif Muna
Trog
Wu Jian
The Shining One

Shops:
D:8 *

Annotations:
D:8 exclusion: downstairs


Innate Abilities, Weirdness & Mutations

You sometimes gain power by taking damage.
You are completely covered in sharp spines.


Message History

The six-headed hydra barely misses you. x2; The six-headed hydra bites you!
* * * LOW HITPOINT WARNING * * *
The six-headed hydra bites you.
* * * LOW HITPOINT WARNING * * *
The six-headed hydra barely misses you.
The six-headed hydra closely misses you.
The six-headed hydra is no longer covered in acid.
You spin and attack the six-headed hydra.
You chop one of the six-headed hydra's heads off!
The five-headed hydra grows two more!
You slash the seven-headed hydra!
The seven-headed hydra is almost dead.
The seven-headed hydra barely misses you.
The seven-headed hydra bites you!
* * * LOW HITPOINT WARNING * * *
The seven-headed hydra bites you.
* * * LOW HITPOINT WARNING * * *
The seven-headed hydra bites you but does no damage. x2
The seven-headed hydra barely misses you.
The seven-headed hydra bites you!
You die...

#..# ##.#.###)###
#..###.....## #.#.# #)#
#..# _....._ #...# #.###
#∩.# #.....#
##.#####)##. #..# 8...8
##...##...##. #..##
##>## #.#..........
#...#
#######............
##..##
#.##.#.#...#......
#..>###@..###.#[##......
#.....D...# ##......<...
##.######(## ##.##......
#.....###.###..##......
#####.####[....###.####
#..........###.####
#########(.........
###########


You could see a seven-headed hydra (pinned).

Vanquished Creatures
  A two-headed ogre (D:9)
  A cyclops (D:8)
  Joseph (D:8)
  Psyche (D:9)
  A komodo dragon (D:9)
  A hippogriff (D:8)
  Prince Ribbit (D:9)
  Sigmund (D:2)
  A steam dragon (D:9)
  2 water moccasins (Lair:1)
  2 porcupines (Lair:1)
  A sky beast (D:9)
  A phantom (D:6)
  An ice beast (D:8)
  An orc warrior (D:9)
  2 wolves (Lair:1)
  4 centaurs
  4 ogres
  2 crocodiles
  2 big kobolds
  Blork the orc (D:6)
  4 bullfrogs
  2 scorpions
  A water moccasin skeleton (D:6)
  A howler monkey (D:6)
  A quasit (D:9)
  3 jellies
  2 centaur skeletons
  3 hounds
  4 orc wizards
  2 orc priests
  2 iguanas
  Crazy Yiuf (D:3)
  7 worker ants
  3 hound skeletons
  A hound zombie (D:6)
  2 river rats (Sewer)
  14 adders
  3 shadow imps
  3 oozes
  An adder zombie (D:5)
  2 adder skeletons
  A worm (D:3)
  3 dart slugs
  20 orcs
  5 giant cockroaches
  15 goblins
  9 hobgoblins
  18 jackals
  10 quokkas
  7 bats
  3 frilled lizards (D:1)
  3 jackal skeletons
  8 kobolds
  A leopard gecko skeleton (D:6)
  A leopard gecko zombie (D:6)
  A quokka skeleton (D:4)
  4 rats
203 creatures vanquished.

Notes
Turn   | Place    | Note
-------+----------+-------------------------------------------
     0 | D:1      | nightchill the Demonspawn Gladiator began the quest for the
                  | Orb.
     0 | D:1      | Reached XP level 1. HP: 16/16 MP: 1/1
   180 | D:1      | Reached skill level 3 in Axes
   297 | D:1      | Gained mutation: You are partially covered in sharp spines.
                  | [demonic ancestry]
   297 | D:1      | Reached XP level 2. HP: 20/22 MP: 2/2
   769 | D:1      | Reached XP level 3. HP: 28/28 MP: 3/3
  1338 | D:2      | Found an ornate altar of the Wu Jian Council.
  1340 | D:2      | Found a white marble altar of Elyvilon.
  1341 | D:2      | Found a glowing golden altar of the Shining One.
  1347 | D:2      | Reached skill level 4 in Axes
  1347 | D:2      | Gained mutation: You sometimes gain a little power by
                  | taking damage. [demonic ancestry]
  1347 | D:2      | Reached XP level 4. HP: 30/35 MP: 4/4
  1395 | D:2      | Became a worshipper of the Wu Jian Council
  1823 | D:2      | Noticed Sigmund
  1836 | D:2      | Killed Sigmund
  1836 | D:2      | Reached skill level 5 in Axes
  1836 | D:2      | Gained mutation: You are mostly covered in sharp spines.
                  | [demonic ancestry]
  1836 | D:2      | Reached XP level 5. HP: 34/42 MP: 5/5
  2037 | D:3      | Reached XP level 6. HP: 44/48 MP: 6/6
  2255 | D:3      | Found a runed translucent door.
  2256 | D:3      | Noticed Crazy Yiuf
  2885 | D:3      | Killed Crazy Yiuf
  3044 | D:4      | Reached skill level 10 in Axes
  3044 | D:4      | Gained mutation: You are completely covered in sharp
                  | spines. [demonic ancestry]
  3044 | D:4      | Reached XP level 7. HP: 63/63 MP: 7/7
  4036 | D:5      | Entered Level 5 of the Dungeon
  4178 | D:5      | Reached skill level 11 in Axes
  4255 | D:5      | Gained mutation: You sometimes gain power by taking damage.
                  | [demonic ancestry]
  4255 | D:5      | Reached XP level 8. HP: 69/69 MP: 8/8
  4562 | D:6      | Found a stormy altar of Qazlal.
  4591 | D:6      | Reached * piety under Wu Jian
  4942 | D:6      | Found a glowing drain.
  4951 | Sewer    | Entered a sewer
  5106 | Sewer    | Found a glowing silver altar of Zin.
  5629 | D:6      | Noticed Blork the orc
  5664 | D:6      | Killed Blork the orc
  5672 | D:6      | Found a shimmering blue altar of Sif Muna.
  6014 | D:6      | Reached ** piety under Wu Jian
  6118 | D:6      | Reached XP level 9. HP: 74/76 MP: 9/9
  6239 | D:7      | Found a staircase to the Ecumenical Temple.
  7480 | D:8      | Noticed a cyclops
  7511 | D:8      | Killed a cyclops
  7879 | D:8      | Reached skill level 12 in Axes
  8071 | D:8      | Found a staircase to the Lair.
  8071 | D:8      | Noticed Joseph
  8100 | D:8      | Killed Joseph
  8304 | D:8      | Found an ancient bone altar of Kikubaaqudgha.
  8307 | D:8      | Found a bloodstained altar of Trog.
  8310 | D:8      | Found Sicvuemo's Assorted Antiques.
  8384 | D:8      | Found a hazy altar of Hepliaklqana.
  8689 | D:9      | Noticed a two-headed ogre
  8693 | D:9      | Noticed Prince Ribbit
  8707 | D:9      | Killed Prince Ribbit
  8760 | D:9      | Reached XP level 10. HP: 42/85 MP: 10/10
  8938 | D:8      | Reached XP level 11. HP: 90/90 MP: 11/11
  8943 | D:8      | Learned a level 3 spell: Dazzling Spray
  8946 | D:8      | Learned a level 2 spell: Slow
  9181 | D:9      | Killed a two-headed ogre
  9348 | D:9      | Reached skill level 10 in Fighting
  9438 | D:9      | Noticed Psyche
  9468 | D:9      | Killed Psyche
  9597 | D:9      | Reached *** piety under Wu Jian
 10348 | Lair:1   | Entered Level 1 of the Lair of Beasts
 10424 | Lair:1   | Noticed a four-headed hydra
 10488 | D:8      | HP: 2/91 [seven-headed hydra (12)]
 10488 | D:8      | Mangled by a seven-headed hydra

Levels and vault maps discovered:
D:1:      saegor_arrival_under_anarchy, layout_basic, minmay_split_cup_small
D:2:      cheibrodos_greedy_goblins, layout_basic, grunt_temple_overflow_open,
          uniq_sigmund
D:3:      layout_loops_ring, first_ration, uniq_crazy_yiuf_cottage
D:4:      layout_basic, abandoned_shop, dk_noncrumbling_4,
          kennysheep_generic_room_3
D:5:      layout_basic, lightli_minifort
D:6:      kennysheep_six_static_rooms, layout_loops_corners, lemuel_round_altar,
          tgw_sif, portal_sewer_entry_d, hangedman_abyss_or_decor_passed
D:7:      layout_basic, minmay_temple_entry_waves, grunt_ogre_cave
D:8:      layout_loops_ring, nicolae_overflow_hidden_temple, lair_entry_dummy,
          serial_shops, shop, roderic_roman_lattice, uniq_joseph
D:9:      layout_loops_ring, uniq_psyche, uniq_prince_ribbit1
Lair:1:   layout_regular_city, ebering_ghost_reflecting_pool,
          nicolae_lair_grove_arrangements, infiniplex_staircase_pool,
          uniq_harold

Skill      XL: |  1  2  3  4  5  6  7  8  9 10 11 |
---------------+----------------------------------+-----
Axes           | 3 4 5 10 11 12 | 12.8
Fighting       | 3 8 9 10 | 10.2
Conjurations   | 6 |  6.0
Hexes          | 6 |  6.4
Throwing       | |  1.7
Dodging        | |  2.6

Action                   |  1- 3 |  4- 6 |  7- 9 | 10-12 || total
-------------------------+-------+-------+-------+-------++-------
Melee: War axe           |    77 |    42 |   294 |    75 ||   488
Throw: Stone             |       |       |     9 |       ||     9
       Dart              |       |       |     5 |       ||     5
       Throwing net      |       |       |     2 |       ||     2
 Cast: Slow              |       |       |       |     3 ||     3
       Dazzling Spray    |       |       |       |     3 ||     3
Invok: Lunge             |       |    14 |    30 |    10 ||    54
       Whirlwind         |       |       |    58 |    17 ||    75
       Serpent's Lash    |       |       |       |     2 ||     2
 Abil: Wall Jump         |       |       |     9 |     6 ||    15
Evoke: Wand              |       |       |       |     5 ||     5
  Use: Scroll            |       |     5 |     5 |       ||    10
       Potion            |       |     1 |       |     4 ||     5
 Stab: Sleeping          |     1 |       |       |       ||     1
       Held in net/web   |       |       |     2 |       ||     2
       Invisible         |       |       |       |     2 ||     2
  Eat: Chunk             |     1 |     5 |    15 |     5 ||    26
       Ration            |       |       |     1 |       ||     1
Armor: Leather armour    |    18 |       |       |       ||    18
       Ring mail         |     7 |     5 |    57 |    19 ||    88
Dodge: Dodged            |    49 |    18 |   133 |    59 ||   259
